 Dungeon Crawl Stone Soup version 0.31.0-32-g396128a36d (webtiles) character file.

Game seed: 11146383088592165488

3663 KittyFluff the Ruffian (level 9, -1/133 HPs)
             Began as a Troll Shapeshifter on Apr 11, 2024.
             Was a Priest of Trog.
             Slain by a kobold brigand
             ... wielding a +0 war axe
              (13 damage)
             ... in a bailey.
             The game lasted 00:25:17 (5921 turns).

KittyFluff the Ruffian (Troll Shapeshifter)         Turns: 5921, Time: 00:25:19

Health: -1/133     AC:  4    Str: 28    XL:     9   Next: 89%
Magic:  8/8        EV: 11    Int:  6    God:    Trog [***...]
Gold:   433        SH:  8    Dex: 15    Spells: 8/8 levels left

rFire   . .          .
                       - Unarmed
rCold   . . .        L - +0 kite shield
rNeg    . . .        r - +0 robe
rPois   +            (helmet currently unavailable)
rElec   .            (cloak currently unavailable)
rCorr   .            (gloves unavailable)
SInv    .            (boots unavailable)
Will    .....        (no amulet) Stlth
                     g - ring of poison resistance
HPRegen 1.22/turn    A - +6 ring of dexterity
MPRegen 0.11/turn

%: no passive effects
@: berserking, beast-form, very quick
A: beast (slay +4), large, unfitting armour, claws 3, regeneration 1, shaggy fur
1, tough skin 1
a: Begin Untransformation, Renounce Religion, Berserk, Trog's Hand


You were in a bailey.
You worshipped Trog.
Trog was most pleased with you.
You were a hulking beast.
You visited 2 branches of the dungeon, and saw 8 of its levels.
You also visited: Bailey.

You collected 433 gold pieces.

Inventory:

Hand Weapons
 h - a +0 trident
 i - a +0 shortbow
 p - a +4 whip of flaming
 s - a +0 sling
 x - a +0 mace
 B - a +2 flail of holy wrath
 G - a +0 morningstar
 M - a +3 flail
 P - the +3 dagger "Beovya" {antimagic, rF- Str+7 Dex-5 SInv}
   (You found it in a bailey)

   Str+7:     It affects your strength (+7).
   Dex-5:     It affects your dexterity (-5).
   rF-:       It makes you vulnerable to fire.
   SInv:      It lets you see invisible.
Missiles
 j - 51 stones (quivered)
 n - 19 poisoned darts
 t - 18 boomerangs
 D - 2 curare-tipped darts
 O - 4 datura-tipped darts
Armour
 m - a +0 cloak
 r - a +0 robe (worn)
 H - a +0 hat
 L - a +0 kite shield (worn)
Jewellery
 g - a ring of poison resistance (left claw)
 A - a +6 ring of dexterity (right claw)
 E - a ring of flight
Talismans
 c - a beast talisman
 d - a flux talisman
 J - a blade talisman
Wands
 v - a wand of polymorph (15)
Scrolls
 a - a scroll of noise {unknown}
 e - 4 scrolls of identify
 k - 4 scrolls of revelation {unknown}
 o - 4 scrolls of immolation
 q - 2 scrolls of fog {unknown}
 u - 2 scrolls of vulnerability {unknown}
 y - a scroll of poison {unknown}
 C - 2 scrolls of amnesia {unknown}
 F - 2 scrolls of fear {unknown}
 I - 2 scrolls of enchant armour {unknown}
 K - 3 scrolls of teleportation {unknown}
Potions
 b - 4 potions of lignification
 f - 4 potions of haste
 l - 2 potions of mutation
 w - 2 potions of curing
 z - 2 potions of might
Miscellaneous
 N - a phantom mirror


   Skills:
 + Level 5.7 Fighting
 + Level 1.9 Throwing
 + Level 5.9 Dodging
 + Level 1.7 Shields
 + Level 7.6 Unarmed Combat
 + Level 7.0 Shapeshifting


You had 8 spell levels left.
You didn't know any spells.
Your spell library contained the following spells:

 Spells                   Type           Power      Damage    Failure   Level
 Necrotise                Necr           0%         1d4       71%         1
 Static Discharge         Conj/Air       0%         3-3/arc   83%         2
 Vampiric Draining        Necr           0%         2d6       97%         3
 Airstrike                Air            0%         2d(0-16)  100%        4
 Martyr's Knell           Necr/Summ      0%         N/A       100%        4
 Summon Lightning Spire   Summ/Air       0%         N/A       100%        4
 Curse of Agony           Necr           0%         N/A       100%        5


Dungeon Overview and Level Annotations

Branches:
Dungeon (7/15)             Temple (1/1) D:4          Bailey (1/1)

Altars:
Ashenzari
Cheibriados
Dithmenos
Elyvilon
Fedhas
Gozag
Hepliaklqana
Kikubaaqudgha
Makhleb
Qazlal
Ru
Trog
Uskayaw
Vehumet
Wu Jian
Xom
Yredelemnul
Zin
The Shining One


Innate Abilities, Weirdness & Mutations

You are a hulking beast.
Your limbs bulge with bestial killing power. (Slay +4)
You are too large for most types of armour.
You have claws for hands.
Your natural rate of healing is unusually fast.
You are covered in fur. (AC +1)
You have tough skin. (AC +1)


Message History

You block the kobold brigand's attack. The kobold brigand closely misses you.
The kobold brigand misses you.
You mangle the kobold brigand!!
The kobold brigand is severely wounded.
The kobold brigand hits you with a +0 war axe.
The kobold brigand barely misses you.
The kobold brigand closely misses you. x2
You closely miss the kobold brigand.
The kobold brigand is severely wounded.
The kobold brigand hits you with a +0 war axe.
The kobold brigand barely misses you.
You block the kobold brigand's attack. x2
You mangle the kobold brigand!!
You kill the kobold brigand!
Trog accepts your kill. The kobold brigand closely misses you.
The kobold brigand hits you with a +0 war axe!
You block the kobold brigand's attack.
You scratch the kobold brigand.
The kobold brigand is lightly wounded.
The kobold brigand hits you with a +0 war axe.
You block the orc warrior's attack. The kobold brigand barely misses you.
The kobold brigand hits you with a +0 war axe.
A red film seems to cover your vision as you go berserk!
You feel yourself moving faster!
You feel mighty! You block the kobold brigand's attack.
The orc warrior hits you with a +3 long sword of holy wrath.
The kobold brigand hits you with a +0 war axe!
The kobold brigand hits you with a +0 war axe.
You barely miss the kobold brigand.
The kobold brigand hits you with a +0 war axe!
* * * LOW HITPOINT WARNING * * *
The orc warrior barely misses you. You block the kobold brigand's attack.
The kobold brigand closely misses you.
You barely miss the kobold brigand. You barely miss the kobold brigand.
The kobold brigand hits you with a +0 war axe!
* * * LOW HITPOINT WARNING * * *
The orc warrior hits you with a +3 long sword of holy wrath!
* * * LOW HITPOINT WARNING * * *
The kobold brigand hits you with a +0 war axe!
You die...

#.###~~.......~~###.#
#....~~.......~~....#
#.###~~.......~~###.#
#....~~.......~~....#
#####~~.......~~#####
##~.......~##
####'''#### ##....K##
#∩....Kh# #...8.oK#
##.....## ###'###
#... ...... ........
.....oK....
.o....K....K


You could see an orc warrior and 3 kobold brigands.

Vanquished Creatures
  Grinder (D:3)
  Sigmund (D:5)
  A steam dragon (D:6)
  Menkaure (D:5)
  Edmund (D:5)
  3 orc warriors (Bailey)
  2 ogres
  A sky beast (D:4)
  3 black bears
  An ice beast (D:5)
  A centaur (D:7)
  4 kobold brigands (Bailey)
  A bullfrog (D:6)
  Blork the orc (D:6)
  3 scorpions
  5 wights (D:6)
  4 killer bees (D:7)
  3 bombardier beetles
  2 hounds
  3 orc priests
  3 jellies
  Jessica (D:3)
  6 orc wizards
  2 sleepcaps (D:5)
  Terence (D:2)
  Ijyb (D:3)
  3 iguanas
  4 gnolls (D:3)
  5 adders
  3 shadow imps
  A white imp (D:7)
  2 ufetubi (D:6)
  A ribbon worm (D:2)
  A dart slug (D:4)
  22 orcs
  6 endoplasms
  3 giant cockroaches (D:2)
  11 goblins
  3 hobgoblins
  3 jackals (D:2)
  3 quokkas
  11 ball pythons
  3 bats (D:1)
  3 frilled lizards
  16 kobolds
  2 rats
162 creatures vanquished.

Notes
Turn   | Place    | Note
-------+----------+-------------------------------------------
     0 | D:1      | KittyFluff the Troll Shapeshifter began the quest for the
                  | Orb.
     0 | D:1      | Reached XP level 1. HP: 18/18 MP: 0/0
   207 | D:1      | Reached skill level 1 in Fighting
   280 | D:1      | Reached XP level 2. HP: 27/27 MP: 1/1
  1046 | D:2      | Reached XP level 3. HP: 33/33 MP: 2/2
  1141 | D:2      | Noticed Terence
  1150 | D:2      | Killed Terence
  1347 | D:2      | Reached XP level 4. HP: 41/41 MP: 3/3
  1981 | D:3      | Noticed Ijyb
  2031 | D:3      | Killed Ijyb
  2095 | D:3      | Found a faded altar of an unknown god.
  2102 | D:3      | Noticed Grinder
  2103 | D:3      | Noticed Jessica
  2109 | D:3      | Paralysed by Grinder for 3 turns
  2118 | D:3      | Paralysed by Grinder for 4 turns
  2124 | D:3      | Killed Jessica
  2127 | D:3      | Paralysed by Grinder for 5 turns
  2137 | D:3      | Killed Grinder
  2138 | D:3      | Reached XP level 5. HP: 28/50 MP: 4/4
  2138 | D:3      | Reached XP level 6. HP: 33/59 MP: 5/5
  2775 | D:4      | Found a staircase to the Ecumenical Temple.
  2778 | D:4      | Noticed a sky beast
  2786 | D:4      | Killed a sky beast
  2798 | Temple   | Entered the Ecumenical Temple
  2849 | Temple   | Became a worshipper of Trog the Wrathful
  3337 | D:4      | Reached XP level 7. HP: 45/67 MP: 6/6
  3480 | D:4      | Reached skill level 5 in Unarmed Combat
  3911 | D:5      | Entered Level 5 of the Dungeon
  3911 | D:5      | Noticed Menkaure
  3921 | D:5      | Killed Menkaure
  3921 | D:5      | Reached * piety under Trog
  3922 | D:5      | Reached skill level 5 in Shapeshifting
  3975 | D:5      | Noticed Edmund
  3983 | D:5      | Killed Edmund
  3984 | D:5      | Reached XP level 8. HP: 49/78 MP: 7/7
  4513 | D:5      | Noticed Sigmund
  4520 | D:5      | Killed Sigmund
  4943 | D:6      | Reached skill level 5 in Dodging
  4970 | D:6      | Found a white marble altar of Elyvilon.
  4994 | D:6      | Reached ** piety under Trog
  5026 | D:6      | Reached XP level 9. HP: 76/87 MP: 8/8
  5119 | D:6      | Reached skill level 5 in Fighting
  5403 | D:6      | Noticed Blork the orc
  5409 | D:6      | Killed Blork the orc
  5575 | D:7      | Found a flagged portal.
  5609 | D:7      | Reached skill level 1 in Throwing
  5675 | Bailey   | Entered a bailey
  5726 | Bailey   | Reached skill level 1 in Shields
  5749 | Bailey   | Reached *** piety under Trog
  5892 | Bailey   | Identified the +3 dagger "Beovya" {antimagic, rF- Str+7
                  | Dex-5 SInv}
  5921 | Bailey   | Slain by a kobold brigand

Illustrated notes

Levels and vault maps discovered:
D:1:      minmay_arrival_open_corners, layout_loops_corners, minivault_4
D:2:      layout_loops_ring, uniq_terence
D:3:      layout_basic, hellmonk_ecumenical_altar_blasted, uniq_jessica,
          uniq_ijyb, uniq_grinder
D:4:      layout_basic, minmay_temple_entry_large_hall
D:5:      layout_loops_ring, uniq_menkaure, uniq_edmund, uniq_sigmund
D:6:      layout_gridville, overflow_temple_1_default, uniq_blork_the_orc
D:7:      layout_rooms, mainiacjoe_overflow_alcove_4, enter_bailey_6
Temple:   regret_index_temple_mists
Bailey:   bailey_axe_3, bailey

Skill      XL: |  1  2  3  4  5  6  7  8  9 |
---------------+----------------------------+-----
Fighting       | 1 2 3 4 5 |  5.7
Dodging        | 2 3 4 5 |  5.9
Unarmed Combat | 4 5 6 7 |  7.6
Shapeshifting  | 4 5 6 7 |  7.0
Throwing       | 1 |  1.9
Shields        | 1 |  1.7

Action                     |  1- 3 |  4- 6 |  7- 9 || total
---------------------------+-------+-------+-------++-------
  Melee: Unarmed           |    82 |    79 |   270 ||   431
         Punch             |     2 |     2 |     9 ||    13
  Throw: Stone             |       |     4 |    13 ||    17
 Invoke: Berserk           |       |       |     1 ||     1
    Use: Scroll            |       |     3 |     1 ||     4
   Stab: Sleeping          |     1 |       |     1 ||     2
 Armour: Animal skin       |    39 |       |       ||    39
         Robe              |     3 |    60 |   143 ||   206
  Dodge: Dodged            |    36 |    47 |   122 ||   205
  Block: Kite shield       |       |       |    48 ||    48
